[ AOE2 MATCH · #504719126 ]
UnrankedTeutons vs Poles
Player's team · LOSS
Rival team · WIN
[ REPLAY ANALYSIS · EXTRACTED FROM THE RECORDED GAME ]
Feudal
10:56
Castle
23:23
Imperial
—
| APM avg | 61.3 |
| APM peak | 158 |
| eAPM avg | 30.3 |
| Villagers / military | 121 / 79 |
Focus
⚔️ 47.9% · 🌾 52.1%
Skirmisher ×31 · Archer ×23 · Mangonel ×9 · Scout Cavalry ×7 · Militia ×6 · Knight ×2
Feudal
8:52
Castle
20:18
Imperial
38:03
| APM avg | 49.3 |
| APM peak | 87 |
| eAPM avg | 26.9 |
| Villagers / military | 126 / 96 |
Focus
⚔️ 43.1% · 🌾 56.9%
Archer ×78 · Mangonel ×6 · Skirmisher ×6 · Militia ×5 · Monk ×1
Match map
Initial resources + every placement click. Lines = walls · curves = elevation contours. ◆ gold · ⬟ stone · ● berries · ✦ relic · ◌ wall gap
Your base· ✓ Closed at 23:23 · 62t walls · 2 gate(s)
Andre_2i's base· ✓ Closed at 20:18 · 49t walls · 1 gate(s)
Smoothed initial terrain · ◌ = detected wall gap · hover for details
Inputs per minute
— CNZS_Still in Love - - Andre_2i
Build order — CNZS_Still in Love
First 150 of 359 actions detected
| 0:00 | Create | Villager (Male) ×4 |
| 0:01 | Create | Villager (Male) ×4 |
| 0:02 | Build | House |
| 0:03 | Build | House |
| 1:32 | Create | Villager (Male) |
| 1:32 | Create | Villager (Male) |
| 1:47 | Build | Lumber Camp |
| 1:58 | Create | Villager (Male) |
| 1:58 | Create | Villager (Male) |
| 2:17 | Create | Villager (Male) |
| 2:17 | Create | Villager (Male) |
| 2:44 | Create | Villager (Male) |
| 2:58 | Create | Villager (Male) |
| 3:20 | Build | House |
| 3:24 | Create | Villager (Male) |
| 3:24 | Create | Villager (Male) |
| 4:05 | Create | Villager (Male) |
| 4:19 | Create | Villager (Male) |
| 4:37 | Build | Barracks |
| 4:40 | Create | Villager (Male) |
| 4:41 | Create | Villager (Male) |
| 4:54 | Create | Villager (Male) |
| 5:06 | Build | House |
| 5:33 | Create | Militia |
| 5:34 | Create | Militia |
| 5:36 | Build | House |
| 5:42 | Create | Villager (Male) |
| 5:55 | Create | Villager (Male) |
| 6:00 | Create | Militia |
| 6:00 | Create | Militia |
| 6:06 | Build | Palisade Wall |
| 6:11 | Build | Palisade Wall |
| 6:12 | Build | Palisade Wall |
| 6:18 | Research | Loom |
| 6:19 | Create | Villager (Male) |
| 6:19 | Create | Villager (Male) |
| 6:35 | Build | Mill |
| 7:19 | Create | Villager (Male) |
| 7:44 | Create | Villager (Male) |
| 7:53 | Build | Mining Camp |
| 8:20 | Create | Villager (Male) |
| 8:39 | Research | Feudal Age |
| 8:40 | Research | Feudal Age |
| 9:01 | Create | Militia |
| 9:01 | Create | Militia |
| 9:41 | Build | Mill |
| 9:45 | Build | Farm |
| 9:47 | Build | Farm |
| 9:55 | Create | Villager (Male) |
| 10:56 | Age | Feudal Age |
| 10:59 | Build | Archery Range |
| 11:05 | Create | Villager (Male) |
| 11:13 | Build | Archery Range |
| 11:13 | Create | Villager (Male) |
| 11:19 | Create | Villager (Male) |
| 11:23 | Build | Palisade Gate |
| 11:28 | Create | Villager (Male) |
| 11:32 | Build | House |
| 11:34 | Build | House |
| 11:43 | Research | Double-Bit Axe |
| 11:43 | Research | Double-Bit Axe |
| 11:46 | Build | House |
| 11:47 | Build | Palisade Wall |
| 11:49 | Create | Spearman |
| 11:55 | Build | House |
| 12:13 | Create | Archer |
| 12:13 | Create | Archer |
| 12:18 | Build | Palisade Wall |
| 12:20 | Build | Palisade Wall |
| 12:21 | Create | Villager (Male) |
| 12:32 | Create | Archer |
| 12:33 | Create | Villager (Male) |
| 12:35 | Build | Farm |
| 12:43 | Build | Palisade Wall |
| 12:45 | Build | Palisade Wall |
| 12:47 | Build | Palisade Wall |
| 12:48 | Build | Palisade Wall |
| 12:56 | Build | Farm |
| 12:57 | Create | Villager (Male) |
| 12:59 | Create | Archer |
| 13:05 | Build | Farm |
| 13:07 | Create | Villager (Male) |
| 13:10 | Build | Farm |
| 13:15 | Create | Archer |
| 13:30 | Create | Villager (Male) |
| 13:33 | Build | Blacksmith |
| 13:49 | Create | Archer |
| 13:57 | Create | Archer |
| 14:01 | Build | Palisade Wall |
| 14:17 | Build | Stable |
| 14:18 | Research | Fletching |
| 14:19 | Research | Fletching |
| 14:21 | Create | Archer |
| 14:23 | Create | Villager (Male) |
| 14:35 | Build | Farm |
| 14:54 | Create | Archer |
| 15:00 | Create | Archer |
| 15:01 | Create | Villager (Male) |
| 15:04 | Build | Farm |
| 15:05 | Build | Farm |
| 15:09 | Create | Archer |
| 15:13 | Build | Farm |
| 15:13 | Create | Villager (Male) |
| 15:15 | Create | Scout Cavalry |
| 15:16 | Create | Scout Cavalry |
| 15:16 | Create | Scout Cavalry |
| 15:23 | Research | Padded Archer Armor |
| 15:23 | Research | Padded Archer Armor |
| 15:27 | Build | Farm |
| 15:28 | Build | Farm |
| 15:36 | Create | Archer |
| 15:46 | Create | Villager (Male) |
| 16:05 | Build | House |
| 16:06 | Build | House |
| 16:09 | Create | Villager (Male) |
| 16:10 | Build | Farm |
| 16:11 | Build | Farm |
| 16:17 | Create | Scout Cavalry |
| 16:20 | Create | Scout Cavalry |
| 16:21 | Create | Archer |
| 16:24 | Build | House |
| 16:25 | Build | House |
| 16:54 | Create | Archer |
| 17:00 | Create | Villager (Male) |
| 17:05 | Build | Watch Tower |
| 17:08 | Create | Villager (Male) |
| 17:11 | Build | Mining Camp |
| 17:14 | Create | Archer |
| 17:29 | Build | Lumber Camp |
| 17:29 | Create | Villager (Male) |
| 17:37 | Create | Scout Cavalry |
| 17:38 | Create | Archer |
| 17:39 | Create | Scout Cavalry |
| 17:44 | Build | Watch Tower |
| 17:52 | Create | Villager (Male) |
| 18:06 | Build | Farm |
| 18:07 | Create | Villager (Male) |
| 18:26 | Create | Villager (Male) |
| 18:29 | Build | Farm |
| 18:32 | Build | Lumber Camp |
| 18:49 | Create | Archer |
| 18:50 | Create | Archer |
| 19:02 | Build | Watch Tower |
| 19:08 | Create | Villager (Male) |
| 19:19 | Create | Archer |
| 19:20 | Create | Archer |
| 19:40 | Create | Villager (Male) |
| 19:57 | Create | Archer |
| 20:05 | Build | Farm |
| 20:06 | Build | Farm |
Build order — Andre_2i
First 150 of 400 actions detected
| 0:00 | Create | Villager (Male) |
| 0:01 | Build | House |
| 0:02 | Build | House |
| 0:10 | Create | Villager (Male) |
| 0:23 | Create | Villager (Male) |
| 0:26 | Create | Villager (Male) |
| 1:29 | Create | Villager (Male) |
| 1:45 | Create | Villager (Male) |
| 2:19 | Create | Villager (Male) |
| 2:41 | Create | Villager (Male) |
| 2:42 | Build | Lumber Camp |
| 3:11 | Create | Villager (Male) |
| 3:42 | Create | Villager (Male) |
| 3:45 | Build | House |
| 3:57 | Create | Villager (Male) |
| 4:29 | Create | Villager (Male) |
| 4:36 | Build | Mill |
| 4:46 | Create | Villager (Male) |
| 5:06 | Research | Loom |
| 5:50 | Create | Villager (Male) |
| 6:09 | Create | Villager (Male) |
| 6:42 | Research | Feudal Age |
| 6:47 | Build | Barracks |
| 7:38 | Create | Militia |
| 7:39 | Create | Militia |
| 7:51 | Build | Mining Camp |
| 8:07 | Create | Militia |
| 8:41 | Create | Villager (Male) |
| 8:52 | Age | Feudal Age |
| 8:59 | Research | Man-at-Arms (upgrade) |
| 9:01 | Research | Double-Bit Axe |
| 9:04 | Create | Villager (Male) |
| 9:28 | Create | Villager (Male) |
| 9:43 | Create | Militia |
| 9:49 | Build | House |
| 9:50 | Build | House |
| 9:56 | Create | Villager (Male) |
| 10:21 | Create | Villager (Male) |
| 10:24 | Build | Mill |
| 10:29 | Create | Militia |
| 11:03 | Create | Villager (Male) |
| 11:19 | Build | Farm |
| 11:20 | Build | Farm |
| 11:33 | Build | Farm |
| 11:34 | Build | Farm |
| 11:39 | Create | Villager (Male) |
| 11:43 | Build | Farm |
| 11:48 | Create | Villager (Male) |
| 12:05 | Build | Archery Range |
| 12:09 | Create | Villager (Male) |
| 12:13 | Build | House |
| 12:14 | Build | Palisade Wall |
| 12:15 | Build | Palisade Wall |
| 12:35 | Build | Farm |
| 12:40 | Build | Mill |
| 12:42 | Create | Villager (Male) |
| 12:58 | Build | House |
| 13:00 | Create | Skirmisher |
| 13:01 | Create | Villager (Male) |
| 13:07 | Create | Archer |
| 13:21 | Build | Blacksmith |
| 13:25 | Create | Archer |
| 13:31 | Create | Villager (Male) |
| 13:37 | Build | Farm |
| 13:48 | Create | Villager (Male) |
| 13:58 | Build | Farm |
| 14:00 | Create | Archer |
| 14:05 | Research | Fletching |
| 14:05 | Research | Fletching |
| 14:08 | Build | Palisade Wall |
| 14:16 | Create | Villager (Male) |
| 14:17 | Build | Palisade Wall |
| 14:18 | Build | House |
| 14:21 | Build | Palisade Wall |
| 14:27 | Build | Farm |
| 14:31 | Create | Archer |
| 14:31 | Create | Villager (Male) |
| 14:39 | Build | Farm |
| 15:00 | Create | Villager (Male) |
| 15:01 | Build | Farm |
| 15:04 | Build | Farm |
| 15:06 | Build | Farm |
| 15:08 | Create | Archer |
| 15:16 | Build | Farm |
| 15:24 | Build | House |
| 15:38 | Create | Villager (Male) |
| 16:01 | Build | Lumber Camp |
| 16:09 | Build | House |
| 16:16 | Create | Archer |
| 16:19 | Create | Villager (Male) |
| 16:22 | Build | Palisade Wall |
| 16:35 | Create | Villager (Male) |
| 16:55 | Build | Archery Range |
| 17:34 | Research | Gold Mining |
| 17:38 | Research | Castle Age |
| 17:39 | Research | Castle Age |
| 17:39 | Create | Skirmisher |
| 17:39 | Create | Skirmisher |
| 17:47 | Create | Skirmisher |
| 18:00 | Create | Skirmisher |
| 18:02 | Build | Watch Tower |
| 18:10 | Research | Padded Archer Armor |
| 18:10 | Research | Padded Archer Armor |
| 18:10 | Research | Padded Archer Armor |
| 18:18 | Research | Horse Collar |
| 18:22 | Build | House |
| 18:29 | Build | Stone Wall |
| 18:31 | Build | Stone Wall |
| 18:33 | Build | Gate |
| 18:36 | Create | Skirmisher |
| 18:38 | Create | Archer |
| 18:38 | Create | Archer |
| 18:46 | Create | Archer |
| 18:46 | Create | Archer |
| 18:55 | Build | House |
| 18:58 | Build | Stone Wall |
| 19:01 | Create | Archer |
| 19:08 | Build | Stone Wall |
| 19:12 | Create | Archer |
| 19:25 | Create | Archer |
| 19:35 | Create | Archer |
| 20:03 | Create | Archer |
| 20:05 | Create | Villager (Male) |
| 20:18 | Create | Archer |
| 20:18 | Age | Castle Age |
| 20:23 | Research | Bodkin Arrow |
| 20:38 | Research | Crossbowman (upgrade) |
| 20:38 | Research | Crossbowman (upgrade) |
| 20:38 | Create | Archer |
| 20:48 | Create | Villager (Male) |
| 20:48 | Create | Villager (Male) |
| 20:53 | Build | Market |
| 20:54 | Create | Archer |
| 20:57 | Build | University |
| 21:00 | Create | Archer |
| 21:11 | Create | Villager (Male) |
| 21:11 | Create | Villager (Male) |
| 21:22 | Build | House |
| 21:26 | Create | Villager (Male) |
| 21:27 | Create | Villager (Male) |
| 21:30 | Create | Archer |
| 21:30 | Create | Archer |
| 21:37 | Create | Archer |
| 21:47 | Create | Villager (Male) |
| 21:57 | Research | Ballistics |
| 22:03 | Build | House |
| 22:03 | Build | House |
| 22:13 | Create | Villager (Male) |
| 22:13 | Create | Villager (Male) |
| 22:15 | Create | Archer |
Match timeline
| 4:37 | CNZS_Still in Love · first_building Barracks |
| 6:06 | CNZS_Still in Love · wall_segment Palisade Wall x3 |
| 6:11 | CNZS_Still in Love · wall_segment Palisade Wall x5 |
| 6:12 | CNZS_Still in Love · wall_segment Palisade Wall x1 |
| 6:47 | Andre_2i · first_building Barracks |
| 8:52 | Andre_2i · age_up feudal |
| 10:56 | CNZS_Still in Love · age_up feudal |
| 10:59 | CNZS_Still in Love · first_building Archery Range |
| 11:47 | CNZS_Still in Love · wall_segment Palisade Wall x1 |
| 12:05 | Andre_2i · first_building Archery Range |
| 12:14 | Andre_2i · wall_segment Palisade Wall x2 |
| 12:15 | Andre_2i · wall_segment Palisade Wall x10 |
| 12:18 | CNZS_Still in Love · wall_segment Palisade Wall x1 |
| 12:20 | CNZS_Still in Love · wall_segment Palisade Wall x1 |
| 12:43 | CNZS_Still in Love · wall_segment Palisade Wall x1 |
| 12:45 | CNZS_Still in Love · wall_segment Palisade Wall x1 |
| 12:47 | CNZS_Still in Love · wall_segment Palisade Wall x1 |
| 12:48 | CNZS_Still in Love · wall_segment Palisade Wall x1 |
| 14:01 | CNZS_Still in Love · wall_segment Palisade Wall x1 |
| 14:08 | Andre_2i · wall_segment Palisade Wall x10 |
| 14:17 | Andre_2i · wall_segment Palisade Wall x1 |
| 14:17 | CNZS_Still in Love · first_building Stable |
| 14:21 | Andre_2i · wall_segment Palisade Wall x9 |
| 16:22 | Andre_2i · wall_segment Palisade Wall x11 |
| 18:29 | Andre_2i · wall_segment Stone Wall x1 |
| 18:31 | Andre_2i · wall_segment Stone Wall x1 |
| 18:58 | Andre_2i · wall_segment Stone Wall x3 |
| 19:08 | Andre_2i · wall_segment Stone Wall x1 |
| 20:18 | Andre_2i · age_up castle |
| 20:43 | CNZS_Still in Love · wall_segment Stone Wall x9 |
| 20:47 | CNZS_Still in Love · wall_segment Stone Wall x8 |
| 20:51 | CNZS_Still in Love · wall_segment Stone Wall x1 |
| 20:54 | CNZS_Still in Love · wall_segment Stone Wall x23 |
| 22:12 | CNZS_Still in Love · wall_segment Stone Wall x3 |
| 22:33 | CNZS_Still in Love · wall_segment Stone Wall x1 |
| 22:43 | CNZS_Still in Love · wall_segment Stone Wall x1 |
| 23:12 | Andre_2i · first_market_sell 100 wood |
| 23:23 | CNZS_Still in Love · age_up castle |
| 23:24 | Andre_2i · first_market_buy 100 stone |
| 24:21 | Andre_2i · first_building Siege Workshop |
| 24:27 | CNZS_Still in Love · wall_segment Stone Wall x1 |
| 30:08 | CNZS_Still in Love · first_building Siege Workshop |
| 30:49 | Andre_2i · first_building Monastery |
| 33:32 | Andre_2i · wall_segment Stone Wall x6 |
| 34:05 | CNZS_Still in Love · first_market_sell 100 wood |
| 34:05 | CNZS_Still in Love · first_market_buy 100 stone |
| 34:08 | CNZS_Still in Love · first_building Castle |
| 35:50 | Andre_2i · first_building Castle |
| 36:24 | Andre_2i · wall_segment Stone Wall x8 |
| 37:02 | Andre_2i · wall_segment Stone Wall x9 |
| 37:48 | CNZS_Still in Love · wall_segment Stone Wall x1 |
| 38:03 | Andre_2i · age_up imperial |
| 38:09 | CNZS_Still in Love · resign |
[ AI ANALYSIS · 1 CREDIT ]
What really happened in this match?
Wolo.gg analyzes every decision: build order, eco, micro, common mistakes by bracket. Personalized analysis on WhatsApp or Discord in 30 seconds.
Civ guide
Teutons
Perfil
Jugador #20566459